Unix NetHack Version 5.0.0-0 post-release - last build May 17 2026 04:57:42 (dc50c8380fa5e20985bfe3072449f57b8d9895ef,branch:main).

Game began 2026-05-20 21:04:51, ended 2026-05-20 21:23:44.

ArrBianca, lawful female dwarven Archeologist

                      ###################################
                 ######     --                          #        ----------
         --------#          .                           #        |........|
         |......-#         .-                           #        |<.......|
         |.....[|          .|                           #########.........|
         |......|         ..|                           #######  ------- --
         |...dd.|         ..|
         |...@).-o####   ...-+---  |
         --------##  ###|..........|
                   ### #.........{.-
                        |.......................
                         ..?- ---  .........-+--+
                          ..|      ----- ----
                          ..|
                           .|
                           .-
                            .
                            --

ArrBianca the Field Worker  St:13 Dx:10 Co:11 In:14 Wi:16 Ch:11  Lawful
Dlvl:6  $:1600 HP:0(35) Pw:6(6) AC:7  Xp:3 T:2485 

Latest messages:
 Drastanta's ghost touches you!
 Hachi misses Drastanta's ghost.
 Hachi misses Drastanta's ghost.
 You miss Drastanta's ghost.
 Hachi drops a dagger.
 Hachi misses Drastanta's ghost.
 You lash Drastanta's ghost.
 Drastanta's ghost turns to flee.
 Hachi bites the Uruk-hai.
 The Uruk-hai thrusts her crude short sword at Hachi.
 The Uruk-hai misses Hachi.
 Hachi misses the Uruk-hai.
 Franklin picks up a dagger.
 Franklin drops a dagger.
 Hachi picks up a dwarvish cloak.
 Hachi drops a dwarvish cloak.
 Hachi picks up a dagger.
 Hachi misses the Uruk-hai.
 Hachi drops a dagger.
 You hear a door open.
 Hachi picks up a dagger.
 Franklin bites the Uruk-hai.
 The Uruk-hai swings her crude bow at Franklin.
 The Uruk-hai misses Franklin.
 Franklin picks up a dwarvish cloak.
 The Uruk-hai throws a dagger!
 The dagger misses the Uruk-hai.
 A dagger misses you.
 You miss the Uruk-hai.
 You miss the Uruk-hai.
 The Uruk-hai thrusts her crude short sword.
 The Uruk-hai hits!
 You miss the Uruk-hai.
 Franklin misses the Uruk-hai.
 The Uruk-hai thrusts her crude short sword.
 The Uruk-hai hits!
 The Uruk-hai throws a dagger!
 The dagger misses the Uruk-hai.
 You are hit by a dagger.
 Hachi misses the Uruk-hai.
 Hachi misses the Uruk-hai.
 You lash the Uruk-hai.
 Franklin misses the Uruk-hai.
 The Uruk-hai thrusts her crude short sword.
 The Uruk-hai hits!
 The Uruk-hai throws a dagger!
 The dagger misses the Uruk-hai.
 You are hit by a dagger.
 You die...
 Do you want your possessions identified? [ynq] (y) q

Inventory:
 Coins    ('$')
  $ - 1600 gold pieces
 Weapons  (')')
  A - a poisoned +0 orcish arrow
  u - 5 +0 darts
  v - 7 cursed -1 shuriken
  a - a blessed +2 bullwhip (weapon in right hand)
 Armor    ('[')
  c - an uncursed +0 fedora (being worn)
  l - a blessed +0 robe (being worn)
  b - an uncursed +0 leather jacket (being worn)
 Comestibles  ('%')
  d - 4 uncursed food rations
 Scrolls  ('?')
  k - an uncursed scroll of confuse monster
  y - a blessed scroll of light
 Rings    ('=')
  j - an uncursed ring of cold resistance
 Tools    ('(')
  h - an uncursed sack containing 1 item
  e - a +0 pick-axe (alternate weapon; not wielded)
  f - a tinning kit (0:89)
 Gems/Stones  ('*')
  g - an uncursed touchstone

Contents of the sack:
  an uncursed emerald

ArrBianca the Archeologist's attributes:

Background:
 You were a Field Worker, a level 3 female dwarven Archeologist.
 You were lawful, on a mission for Quetzalcoatl
 who was opposed by Camaxtli (neutral) and Huhetotl (chaotic).
 You were right-handed.
 You were in the Gnomish Mines, on level 6.
 You entered the dungeon 2485 turns ago.
 You had 67 experience points, 13 more were needed to attain level 4.

Basics:
 You had 0 out of 35 hit points.
 You had all 6 energy points (spell power).
 Your armor class was 7.
 Your wallet contained 1600 zorkmids.
 Autopickup was on for '$?!/="+%' plus thrown, with exceptions.

Final Characteristics:
 Your strength was 13 (peak:14, limit:18/100).
 Your dexterity was 10 (limit:20).
 Your constitution was 11 (limit:20).
 Your intelligence was 14 (limit:16).
 Your wisdom was 16 (limit:16).
 Your charisma was 11 (limit:16).

Final Status:
 You weren't hungry.
 You were unencumbered.
 You were wielding a whip.
 You had basic skill with whip.

Final Attributes:
 You were piously aligned.
 You had automatic searching.
 You had infravision.
 You were guarded.
 You were lucky.
 You are dead.

Miscellaneous:
 You encountered 1 bones level.
 Total elapsed playing time was 18 minutes and 53 seconds.

Major events:
 Turn
    1: ArrBianca the lawful female dwarven Archeologist entered the dungeon
 1211: attained the rank of Field Worker (level 3)
 1231: entered the Gnomish Mines
 2485: killed by a dagger

You didn't know any spells.

Skills:
 Fighting Skills
   bare handed combat [Unskilled]
   two weapon combat  [Unskilled]
   riding             [Unskilled]
 Weapon Skills
   dagger             [Unskilled]
   knife              [Unskilled]
   pick-axe           [Basic]
   short sword        [Unskilled]
   saber              [Unskilled]
   club               [Unskilled]
   quarterstaff       [Unskilled]
   sling              [Unskilled]
   dart               [Unskilled]
   boomerang          [Unskilled]
   whip               [Basic]
   unicorn horn       [Unskilled]
 Spellcasting Skills
   attack spells      [Unskilled]
   healing spells     [Unskilled]
   divination spells  [Unskilled]
   matter spells      [Unskilled]

Voluntary challenges:
 Character rerolling was not enabled.
 You never genocided any monsters.
 You never polymorphed an object.
 You never changed form.
 You used no wishes.
Achievements:
 You attained the rank of Field Worker.
 You entered the Gnomish Mines.

 The Dungeons of Doom: levels 1 to 2
    Level 1:
       A fountain, a sink.
    Level 2:
       Some altars to Quetzalcoatl, a fountain.
       Stairs down to The Gnomish Mines.
 The Gnomish Mines: levels 3 to 6
    Level 3:
    Level 4:
    Level 5:
    Level 6: <- You were here.
       A fountain, a grave.
       Final resting place for
          you, killed by a dagger,
          Drastanta-Sam-Hum-Mal-Law, killed by an orcish arrow.


Vanquished creatures:
 an Uruk-hai
  2 gnome leaders
  a dwarf
  2 dwarf zombies
 an acid blob
  2 manes
  a large kobold
  a brown mold
  a yellow mold
  a red mold
 12 gnomes
  7 jackals
  3 foxes
  a kobold
  3 goblins
  4 grid bugs
  3 kobold zombies
  8 newts
54 creatures vanquished.

No species were genocided or became extinct.

Game over:
                       ----------
                      /          \
                     /    REST    \
                    /      IN      \
                   /     PEACE      \
                  /                  \
                  |    ArrBianca     |
                  |     1600 Au      |
                  |   killed by a    |
                  |      dagger      |
                  |                  |
                  |                  |
                  |       2026       |
                 *|     *  *  *      | *
        _________)/\\_//(\/(/\)/\//\/|_)_______

Goodbye ArrBianca the Archeologist...

You died in The Gnomish Mines on dungeon level 6 with 1958 points,
and 1600 pieces of gold, after 2485 moves.
You were level 3 with a maximum of 35 hit points when you died.

